 Dungeon Sprint DCSS version 0.22-a0-63-geddfa9b (webtiles) character file.

16485 Faca the Executioner (level 12, -20/125 HPs)
             Began as a Minotaur Chaos Knight on Jan 11, 2018.
             Was the Champion of Yredelemnul.
             Shot with a bolt by a yaktaur captain (39 damage)
             ... in the Dungeon (Sprint IX: "|||||||||||||||||||||||||||||").
             The game lasted 00:08:36 (2514 turns).

Faca the Executioner (Minotaur Chaos Knight)        Turns: 2514, Time: 00:08:37

Health: -20/125    AC: 24    Str: 17    XL:     12   Next: 10%
Magic:  11/11      EV: 11    Int: 12    God:    Yredelemnul [******]
Gold:   1501       SH:  0    Dex: 11    Spells: 11/11 levels left

rFire    . . .     SeeInvis .   x - +0 battleaxe (chop)
rCold    . . .     Gourm    .   (shield currently unavailable)
rNeg     . . .     Faith    .   n - +0 plate armour
rPois    .         Spirit   .   (helmet restricted)
rElec    .         Reflect  .   u - +0 cloak
rCorr    .         Harm     .   p - +0 pair of gloves
MR       .....     NoTele   +   o - +0 pair of boots
Stlth    ..........             (no amulet)
HPRegen  0.30/turn              r - +3 ring of intelligence
MPRegen  0.12/turn              s - +2 ring of protection

@: no status effects
A: retaliatory headbutt, horns 2, blurry vision 1, clumsy 1, weak 1
a: Recall Undead Slaves, Injury Mirror, Animate Dead, Drain Life, Enslave Soul,
Renounce Religion


You were in the Dungeon.
You worshipped Yredelemnul.
Yredelemnul was exalted by your worship.
You were not hungry.

You visited 1 branch You collected 1501 gold pieces.

Inventory:

Hand Weapons
 m - a +2 dire flail of protection
 x - a +0 battleaxe of chopping (weapon)
 z - a +1 demon whip of pain
Armour
 n - a +0 plate armour (worn)
 o - a +0 pair of boots (worn)
 p - a +0 pair of gloves (worn)
 u - a +0 cloak (worn)
Jewellery
 q - a +3 ring of protection
 r - a +3 ring of intelligence (left hand)
 s - a +2 ring of protection (right hand)
 w - an uncursed ring of fire
 y - an uncursed ring of protection from fire
Wands
 l - a wand of iceblast (10)
 v - a wand of acid (6)
Scrolls
 e - 3 scrolls of fog
 i - 3 scrolls of blinking
 j - 4 scrolls of remove curse
 k - 2 scrolls of amnesia
 t - 2 scrolls of fear
 B - 2 scrolls of enchant armour
Potions
 a - 8 potions of heal wounds
 b - 2 potions of might
 d - 7 potions of curing
 f - a potion of haste
 g - 4 potions of magic
 h - a potion of invisibility
 A - a potion of resistance
Comestibles
 c - 10 rations


   Skills:
 + Level 17.5 Fighting
 * Level 21.6 Axes
 + Level 15.6 Armour
 + Level 14.0 Dodging
 - Level 0.3 Stealth


You had 11 spell levels left.
You didn't know any spells.

Dungeon Overview and Level Annotations

Branches:
Dungeon (1/1)

Altars:
Cheibriados
Dithmenos
Elyvilon
Fedhas
Gozag
Hepliaklqana
Kikubaaqudgha
Makhleb
Nemelex Xobeh
Okawaru
Qazlal
Ru
Sif Muna
Trog
Uskayaw
Vehumet
Wu Jian
Xom
Yredelemnul
Zin
The Shining One
Beogh
Jiyva
Lugonu

Shops:
D %*}?


Innate Abilities, Weirdness & Mutations

You reflexively headbutt those who attack you in melee.
You have a pair of horns on your head.
Scrolls take you a little longer to read.
You are clumsy. (Dex -2)
You are weak. (Str -2)


Message History

The blast of cold hits your bone dragon.
Your bone dragon resists.
The blast of cold hits your bone dragon.
Your bone dragon resists.
You hit the ice dragon but do no damage.
You headbutt the ice dragon!
The ice dragon is almost dead.
You hit the ice dragon but do no damage.
The ice dragon is almost dead.
The ice dragon closely misses you. The ice dragon claws you.
* * * LOW HITPOINT WARNING * * *
The ice dragon tramples you but does no damage.
You slash the ice dragon!
You kill the ice dragon!
Yredelemnul accepts your kill.
Your Dodging skill increases to level 14!
The yaktaur captain wields an arbalest.
The yaktaur captain shoots a bolt.
The bolt hits you!!!
You die...
Your body rises from the dead as a mindless zombie.

▓.▓.▓†▓.▓)▓.▓V▓
▓|▓.▓†▓.▓)▓.▓A▓
▓)▓.▓.▓.▓.▓.▓n▓
▓.▓.▓.▓.▓∩▓.▓V▓
▓.▓.▓V▓.▓[▓.▓z▓
▓.▓.▓.▓.▓∩▓.▓z▓
▓.▓.▓.▓.▓.▓)▓D▓
▓)▓.▓.▓.▓∩▓)▓D▓
▓'▓.▓.▓.▓.▓.▓@▓
▓†▓.▓W▓.▓∩▓W▓.▓
▓.▓.▓V▓.▓.▓z▓c▓
▓.▓.▓'▓.▓.▓W▓c▓
▓.▓.▓.▓.▓.▓.▓.▓
▓.▓§▓.▓.▓.▓.▓.▓
▓.▓§▓[▓.▓.▓z▓.▓
▓)▓§▓[▓.▓'▓.▓+▓
▓.▓.▓.▓.▓.▓.▓


You could see a yaktaur captain, a yaktaur, 2 friendly bone dragons, a friendly
profane servitor, a friendly ghoul, a friendly vampire knight (invisible) and 2
friendly skeletal warriors.

Vanquished Creatures
  A stone giant (D)
  An ettin (D)
  A fire dragon (D)
  An ice dragon (D)
  A hydra (D)
  2 orc high priests (D)
  An unseen horror (D)
  2 orc knights (D)
  An ugly thing (D)
  Maurice (D)
  Psyche (D)
  A gargoyle (D)
  A spiny frog (D)
  A yaktaur (D)
  A komodo dragon (D)
  A freezing wraith (D)
  A troll (D)
  A dream sheep (D)
  A hippogriff (D)
  2 yaks (D)
  2 wargs (D)
  3 hell hounds (D)
  5 water moccasins (D)
  3 ice beasts (D)
  10 orc warriors (D)
  A sky beast (D)
  4 wolves (D)
  A centaur (D)
  A big kobold (D)
  2 crocodiles (D)
  4 bullfrogs (D)
  A scorpion (D)
  A crimson imp (D)
  5 orc priests (D)
  4 orc wizards (D)
  An iguana (D)
  A worker ant (D)
  An adder (D)
  A shadow imp (D)
  A leopard gecko (D)
  3 orcs (D)
  A ball python (D)
  A bat simulacrum (D)
  A bat skeleton (D)
  A bat zombie (D)
  A goblin (D)
  A quokka (D)
  2 kobolds (D)
86 creatures vanquished.

Vanquished Creatures (collateral kills)
  Erolcha (D)
  A two-headed ogre (D)
  8 orc high priests (D)
  3 orc knights (D)
  A porcupine (D)
  A crimson imp (D)
  An orc wizard (D)
16 creatures vanquished.

Vanquished Creatures (others)
  A bone dragon (D)
  A skeletal warrior (D)
  A spatial maelstrom (D)
  2 phantasmal warriors (D)
  2 wights (D)
7 creatures vanquished.

Grand Total: 109 creatures vanquished

Notes
Turn   | Place    | Note
-------+----------+-------------------------------------------
     0 | D        | Faca the Minotaur Chaos Knight began the quest for the Orb.
     0 | D        | Reached XP level 1. HP: 19/19 MP: 0/0
     5 | D        | Reached skill level 4 in Axes
     6 | D        | Banished a spatial maelstrom
    50 | D        | Noticed an ice beast
    50 | D        | Noticed a centaur
    50 | D        | Noticed a crimson imp
    50 | D        | Noticed a sky beast
    56 | D        | Killed an ice beast
    56 | D        | Reached skill level 7 in Axes
    56 | D        | Reached XP level 2. HP: 35/35 MP: 1/1
    56 | D        | Reached XP level 3. HP: 40/40 MP: 2/2
    56 | D        | Reached XP level 4. HP: 48/48 MP: 3/3
    57 | D        | XOM: potion effect (might)
    58 | D        | Reached skill level 8 in Axes
    61 | D        | Killed a centaur
    61 | D        | Reached skill level 9 in Axes
    61 | D        | Reached skill level 5 in Armour
    61 | D        | Reached XP level 5. HP: 58/58 MP: 4/4
    66 | D        | Killed a sky beast
    66 | D        | Reached skill level 10 in Fighting
    66 | D        | Reached skill level 10 in Axes
    66 | D        | Reached XP level 6. HP: 67/67 MP: 5/5
    73 | D        | Found a roughly hewn altar of Beogh.
    73 | D        | Found a snail-covered altar of Cheibriados.
    73 | D        | Found a shadowy altar of Dithmenos.
    73 | D        | Found a white marble altar of Elyvilon.
    73 | D        | Found a blossoming altar of Fedhas.
    73 | D        | Found an opulent altar of Gozag.
    74 | D        | Found a hazy altar of Hepliaklqana.
    75 | D        | Found a viscous altar of Jiyva.
    76 | D        | Found an ancient bone altar of Kikubaaqudgha.
    77 | D        | Found a corrupted altar of Lugonu.
    78 | D        | Found a burning altar of Makhleb.
    79 | D        | Found a sparkling altar of Nemelex Xobeh.
    80 | D        | Found an iron altar of Okawaru.
    81 | D        | Found a stormy altar of Qazlal.
    82 | D        | Found a sacrificial altar of Ru.
    83 | D        | Found a deep blue altar of Sif Muna.
    84 | D        | Found a bloodstained altar of Trog.
    85 | D        | Found a hide-covered altar of Uskayaw.
    86 | D        | Found a radiant altar of Vehumet.
    87 | D        | Found an ornate altar of the Wu Jian Council.
    88 | D        | Found a shimmering altar of Xom.
    89 | D        | Found a basalt altar of Yredelemnul.
    90 | D        | Found a glowing silver altar of Zin.
    91 | D        | Found a glowing golden altar of the Shining One.
    97 | D        | Fell from the grace of Xom
    97 | D        | Became a worshipper of Yredelemnul the Dark
   145 | D        | Noticed an ice beast
   153 | D        | Killed an ice beast
   153 | D        | Reached * piety under Yredelemnul
   153 | D        | Reached skill level 11 in Axes
   161 | D        | Reached ** piety under Yredelemnul
   197 | D        | Noticed an eight-headed hydra
   197 | D        | Noticed a gargoyle
   197 | D        | Noticed an ice beast
   206 | D        | Killed an eight-headed hydra
   206 | D        | Reached skill level 13 in Axes
   206 | D        | Reached XP level 7. HP: 10/78 MP: 6/6
   206 | D        | Reached XP level 8. HP: 11/85 MP: 7/7
   212 | D        | Killed a gargoyle
   212 | D        | Reached *** piety under Yredelemnul
   212 | D        | Reached skill level 14 in Axes
   224 | D        | Killed an unseen horror
   224 | D        | Reached skill level 15 in Axes
   224 | D        | Reached skill level 10 in Armour
   224 | D        | Reached XP level 9. HP: 42/93 MP: 8/8
   224 | D        | Received a gift from Yredelemnul (3 flying skulls)
   321 | D        | XOM: god gift: 11 gold pieces
   395 | D        | XOM: noise
   434 | D        | XOM: medium Air miscast
   614 | D        | XOM: mild Air miscast
   850 | D        | Noticed a spiny frog
   858 | D        | Killed a spiny frog
   858 | D        | Received a gift from Yredelemnul (a mummy)
   867 | D        | Reached **** piety under Yredelemnul
   868 | D        | Reached skill level 16 in Axes
   872 | D        | Received a gift from Yredelemnul (a wight)
   886 | D        | Received a gift from Yredelemnul (a wight)
   896 | D        | Received a gift from Yredelemnul (2 flying skulls)
  1143 | D        | Noticed a komodo dragon
  1151 | D        | Reached ***** piety under Yredelemnul
  1158 | D        | Killed a komodo dragon
  1158 | D        | Received a gift from Yredelemnul (a wraith)
  1164 | D        | Reached skill level 10 in Dodging
  1168 | D        | Reached skill level 17 in Axes
  1168 | D        | Reached XP level 10. HP: 102/104 MP: 9/9
  1168 | D        | Received a gift from Yredelemnul (a vampire)
  1176 | D        | Received a gift from Yredelemnul (a vampire)
  1186 | D        | Received a gift from Yredelemnul (a wraith)
  1278 | D        | Received a gift from Yredelemnul (a wraith)
  1283 | D        | Received a gift from Yredelemnul (a flying skull)
  1288 | D        | Received a gift from Yredelemnul (a flayed ghost)
  1419 | D        | XOM: medium Hex miscast
  1431 | D        | Noticed Maurice
  1440 | D        | Killed Maurice
  1440 | D        | Reached ****** piety under Yredelemnul
  1471 | D        | Reached skill level 15 in Fighting
  1474 | D        | Reached skill level 18 in Axes
  1481 | D        | Received a gift from Yredelemnul (a phantasmal warrior)
  1494 | D        | Received a gift from Yredelemnul (a wraith)
  1506 | D        | Received a gift from Yredelemnul (a vampire knight)
  1506 | D        | Received a gift from Yredelemnul (a phantasmal warrior)
  1764 | D        | XOM: scenery: 1 doors open
  1769 | D        | Noticed an orc knight
  1782 | D        | Killed an orc knight
  1785 | D        | Received a gift from Yredelemnul (a bone dragon)
  1786 | D        | Noticed an orc knight
  1797 | D        | Received a gift from Yredelemnul (a skeletal warrior)
  1807 | D        | Killed an orc knight
  1830 | D        | Found Woaqauka's Food Emporium.
  1830 | D        | Noticed an orc high priest
  1830 | D        | Noticed an orc high priest
  1830 | D        | Noticed an orc high priest
  1830 | D        | Noticed an orc high priest
  1830 | D        | Noticed an orc high priest
  1831 | D        | Noticed an orange demon
  1833 | D        | Killed an orc high priest
  1833 | D        | Reached skill level 19 in Axes
  1833 | D        | Reached XP level 11. HP: 36/114 MP: 10/10
  1835 | D        | Killed an orc high priest
  1836 | D        | Received a gift from Yredelemnul (a profane servitor)
  1840 | D        | Killed an orc high priest
  1843 | D        | Killed an orc high priest
  1844 | D        | Received a gift from Yredelemnul (a skeletal warrior)
  1846 | D        | Killed an orc high priest
  1863 | D        | Killed an orc high priest
  1870 | D        | Killed an orc knight
  1875 | D        | Killed an orc knight
  1899 | D        | Killed an orc high priest
  1904 | D        | Killed an orc knight
  1914 | D        | Killed an orc high priest
  1914 | D        | Reached skill level 20 in Axes
  1928 | D        | Noticed an orc high priest
  1928 | D        | Noticed a sixfirhy
  1931 | D        | Noticed an orc high priest
  1935 | D        | Killed an orc high priest
  1935 | D        | Received a gift from Yredelemnul (a vampire knight)
  1940 | D        | Noticed a soul eater
  1949 | D        | Killed an orc high priest
  1970 | D        | XOM: give mutations
  1970 | D        | Gained mutation: You are clumsy. (Dex -2) [Xom's mischief]
  1970 | D        | Gained mutation: You are weak. (Str -2) [Xom's mischief]
  1970 | D        | Gained mutation: Scrolls take you a little longer to read. [Xom's mischief]
  2281 | D        | Found Dabon's General Store.
  2285 | D        | Found Loydghap's Gadget Emporium.
  2289 | D        | Found Nagukaw's Magic Scroll Shoppe.
  2344 | D        | Noticed Psyche
  2345 | D        | Noticed Erolcha
  2352 | D        | Killed Psyche
  2352 | D        | Received a gift from Yredelemnul (a vampire knight)
  2354 | D        | Killed Erolcha
  2428 | D        | Found the +2 cloak of the Thief {+Fog Slay-2 SInv Stlth+}
  2459 | D        | Noticed a white ugly thing
  2459 | D        | Noticed a two-headed ogre
  2464 | D        | Received a gift from Yredelemnul (a ghoul)
  2465 | D        | Killed a white ugly thing
  2467 | D        | Noticed a fire dragon
  2469 | D        | Noticed a stone giant
  2469 | D        | Received a gift from Yredelemnul (a skeletal warrior)
  2472 | D        | Killed a two-headed ogre
  2473 | D        | Noticed an ettin
  2477 | D        | Received a gift from Yredelemnul (a skeletal warrior)
  2478 | D        | Noticed an ice dragon
  2483 | D        | Killed a fire dragon
  2483 | D        | Reached skill level 15 in Armour
  2484 | D        | Noticed a yaktaur captain
  2490 | D        | Killed a stone giant
  2490 | D        | Reached skill level 21 in Axes
  2490 | D        | Received a gift from Yredelemnul (a bone dragon)
  2503 | D        | Killed an ettin
  2503 | D        | Reached XP level 12. HP: 49/125 MP: 11/11
  2503 | D        | Received a gift from Yredelemnul (a bone dragon)
  2514 | D        | Killed an ice dragon
  2514 | D        | Shot with a bolt by a yaktaur captain

Vault maps used:
D:        linesprint

Skill      XL: |  1  2  3  4  5  6  7  8  9 10 11 12 |
---------------+-------------------------------------+-----
Fighting       | 7 9 10 12 13 14 15 17 | 17.5
Axes           | 7 9 10 13 15 17 19 21 | 21.6
Armour         | 4 5 8 10 11 13 15 | 15.6
Dodging        | 2 6 8 10 11 13 14 | 14.0
Stealth        | |  0.3

Action                   |  1- 3 |  4- 6 |  7- 9 | 10-12 || total
-------------------------+-------+-------+-------+-------++-------
Melee: Hand axe          |    16 |     8 |       |       ||    24
       Headbutt          |       |     8 |    17 |    34 ||    59
       War axe           |       |    14 |    49 |   126 ||   189
       Dire flail        |       |     5 |    18 |       ||    23
       Battleaxe         |       |       |       |    51 ||    51
  Use: Potion            |     1 |     1 |     2 |       ||     4
       Scroll            |       |       |       |     1 ||     1
 Stab: Petrifying        |       |     1 |       |       ||     1
       Distracted        |       |       |       |     1 ||     1
  Eat: Chunk             |       |       |     1 |       ||     1
       Ration            |       |       |       |     2 ||     2
Armor: Leather armour    |     4 |     4 |       |       ||     8
       Chain mail        |       |    26 |    22 |    26 ||    74
       Plate armour      |       |       |       |    27 ||    27
Dodge: Dodged            |    15 |    17 |    21 |    53 ||   106

Table legend:
 A = Spawn XP
 B = Non-spawn XP
 C = Spawn XP percentage of total XP
 D = Spawn monster count
 E = Non-spawn monster count
 F = Spawn count percentage of total count
 G = Total turns spent on level
                    A         B        C        D         E        F      G
               +---------+---------+-------+---------+---------+-------+---------
         Total |       0 |   23551 |   0.0 |       0 |     102 |   0.0 |  2514
               +---------+---------+-------+---------+---------+-------+---------
             D |       0 |   23551 |   0.0 |       0 |     102 |   0.0 |  2514
               +---------+---------+-------+---------+---------+-------+---------
